 Dungeon Crawl Stone Soup version 0.29.0-13-gc9e81de378 (webtiles) character file.

Game seed: 5512352000677351279

675 Strat the Sneak (level 7, -4/36 HPs)
             Began as a Vine Stalker Brigand on Sept 10, 2022.
             Slain by an ogre
             ... wielding a +0 giant club
              (15 damage)
             ... on level 5 of the Dungeon.
             The game lasted 00:08:05 (4890 turns).

Strat the Sneak (Vine Stalker Brigand)              Turns: 4890, Time: 00:08:06

Health: -4/36      AC: 10    Str: 14    XL:     7   Next: 59%
Magic:  0/8        EV: 11    Int: 11    God:
Gold:   271        SH:  0    Dex: 17    Spells: 6/6 levels left

rFire   . . .      SeeInvis .   b - +1 short sword (drain)
rCold   . . .      Faith    .   (no shield)
rNeg    . . .      Spirit   +   p - +0 robe
rPois   +          Reflect  .   (no helmet)
rElec   +          Harm     .   u - +1 cloak
rCorr   .          Rampage  .   c - +0 pair of gloves
Will    .....                   o - +0 pair of boots
Stlth   ++++......              (no amulet)
HPRegen 0.92/turn               n - ring of Starshine {Contam Fly rElec rPois}
MPRegen 0.11/turn               t - +4 ring of protection

@: flying
A: fangs 2, regeneration 1, magic shield, antimagic bite, no potion heal 2
a: no special abilities


You were on level 5 of the Dungeon.
You visited 1 branch of the dungeon, and saw 5 of its levels.

You collected 271 gold pieces.

Inventory:

Hand Weapons
 a - a +2 short sword of speed
 b - a +1 short sword of draining (weapon)
 j - a +2 dagger
Missiles
 d - 11 poisoned darts (quivered)
 e - 3 curare-tipped darts
Armour
 c - a +0 pair of gloves (worn)
 o - a +0 pair of boots (worn)
 p - a +0 robe (worn)
 r - a +0 kite shield
 u - a +1 cloak (worn)
Jewellery
 m - a ring of wizardry
 n - the ring of Starshine (left hand) {Contam Fly rElec rPois}
   (You found it on level 2 of the Dungeon)

   [ring of flight]

   rElec:     It insulates you from electricity.
   rPois:     It protects you from poison.
   Fly:       It grants you flight.
   Contam:    It causes magical contamination when unequipped.
 s - a +6 ring of strength
 t - a +4 ring of protection (right hand)
 x - a ring of positive energy
Scrolls
 f - 4 scrolls of poison
 g - a scroll of summoning {unknown}
 k - 4 scrolls of identify {unknown}
 q - 3 scrolls of amnesia {unknown}
 v - 2 scrolls of blinking {unknown}
Potions
 h - a potion of might
 i - a potion of degeneration
 l - a potion of flight {unknown}
 w - a potion of mutation {unknown}


   Skills:
 - Level 3.0 Fighting
 * Level 5.9 Short Blades
 - Level 1.7 Throwing
 - Level 0.7 Dodging
 + Level 7.5 Stealth


You had 6 spell levels left.
You didn't know any spells.
Your spell library contained the following spells:

 Spells                   Type           Power      Damage    Failure   Level
 Shock                    Conj/Air       0%         1d3       34%         1
 Ensorcelled Hibernation  Hex/Ice        0%         N/A       47%         2
 Passwall                 Tmut/Erth      0%         N/A       47%         2
 Gell's Gravitas          Tloc           0%         N/A       71%         3
 Swiftness                Air            0%         N/A       71%         3
 Teleport Other           Tloc           0%         N/A       71%         3
 Airstrike                Air            0%         2d(0-16)  98%         4
 Dispersal                Tloc           0%         N/A       100%        6


Dungeon Overview and Level Annotations

Branches:
Dungeon (5/15)
 Temple: D:4-7

Altars:
Nemelex Xobeh
Okawaru
Sif Muna
Uskayaw

Shops:
D:2 *   D:4 [


Innate Abilities, Weirdness & Mutations

You have extremely sharp teeth.
Your natural rate of healing is unusually fast.
When hurt, damage is shared between your health and your magic reserves.
Your bite disrupts and absorbs the magic of your enemies.
Potions cannot restore your health.


Message History

a +0 dagger; a +0 robe; an orc corpse You see here a +0 pair of gloves.
c - a +0 pair of gloves You start putting on your armour.
You continue putting on your +0 pair of gloves. x4
You finish putting on your +0 pair of gloves.
An orc comes into view. It is wielding a +0 hand axe.
The orc shouts!
An orc comes into view. It is wielding a +0 dagger.
An ogre comes into view. It is wielding a +0 giant club.
The orc shouts!
You hit the orc. You drain the orc.
The orc is heavily wounded.
The orc hits you but does no damage.
You hit the orc.
You kill the orc!
The orc hits you with a +0 dagger.
Things that are here:
a +0 hand axe; a boomerang You hit the orc.
You drain the orc.
You kill the orc!
You hit the ogre. You bite the ogre, but do no damage.
The ogre is lightly wounded.
You hit the ogre. Your bite misses the ogre.
The ogre is lightly wounded.
The ogre barely misses you.
You barely miss the ogre. You bite the ogre, but do no damage.
The ogre is lightly wounded.
You hit the ogre but do no damage. Your bite misses the ogre.
The ogre is lightly wounded.
The ogre hits you with a +0 giant club!
* * * LOW HITPOINT WARNING * * *
You hit the ogre.
The ogre is moderately wounded.
The ogre hits you with a +0 giant club!!
* * * LOW HITPOINT WARNING * * *
You hit the ogre.
The ogre is moderately wounded.
The ogre attacks as you move away! The ogre hits you with a +0 giant club!
You die...

##.# .# #. ... .#
#.########.#######.#
...................
...............#..
...............#.#
...............#.# ..
...............#)# #...
......O@.......#.# #...
...............#.####...
........................
........................
......................##
......................##
...............#........
...............#.###<###
........#........


You could see an ogre.

Vanquished Creatures
  An ogre (D:4)
  A necrophage (D:5)
  A scorpion (D:5)
  3 orc priests
  2 hounds
  4 orc wizards
  5 adders
  A white imp (D:5)
  3 worms (D:4)
  2 dart slugs
  19 orcs
  4 ball pythons
  5 bats
  14 endoplasms
  4 giant cockroaches
  10 goblins
  6 hobgoblins
  16 jackals
  15 kobolds
  5 quokkas
  4 frilled lizards
  6 rats
131 creatures vanquished.

Vanquished Creatures (others)
  4 plants (D:3)
4 creatures vanquished.

Grand Total: 135 creatures vanquished

Notes
Turn   | Place    | Note
-------+----------+-------------------------------------------
     0 | D:1      | Strat the Vine Stalker Brigand began the quest for the Orb.
     0 | D:1      | Reached XP level 1. HP: 11/11 MP: 2/2
    90 | D:1      | Reached skill level 5 in Stealth
    90 | D:1      | Reached XP level 2. HP: 15/15 MP: 1/3
   969 | D:1      | Reached XP level 3. HP: 18/18 MP: 4/4
  1283 | D:2      | Identified the ring of Starshine {Contam Fly rElec rPois}
  1481 | D:2      | Identified the +6 quarterstaff "Ydesiabu" {protect, rN+
                  | rCorr}
  1490 | D:2      | Found a faded altar of an unknown god.
  1643 | D:2      | Gained mutation: Your natural rate of healing is unusually
                  | fast. [Vine Stalker growth]
  1643 | D:2      | Reached XP level 4. HP: 22/23 MP: 5/5
  1754 | D:2      | Found Udwuhaen's General Store.
  2431 | D:3      | Found a shimmering blue altar of Sif Muna.
  2580 | D:3      | Found the +9 staff of Olgreb {rPois∞}
  2667 | D:3      | Found a sparkling altar of Nemelex Xobeh.
  2695 | D:3      | Reached XP level 5. HP: 28/28 MP: 6/6
  3019 | D:3      | Reached skill level 6 in Stealth
  3964 | D:4      | Found an iron altar of Okawaru.
  4083 | D:4      | Reached XP level 6. HP: 32/32 MP: 7/7
  4588 | D:4      | Found Xolecvak's Antique Armour Emporium.
  4612 | D:4      | Found a hide-covered altar of Uskayaw.
  4670 | D:4      | Reached skill level 5 in Short Blades
  4670 | D:4      | Reached XP level 7. HP: 36/36 MP: 8/8
  4695 | D:4      | Reached skill level 7 in Stealth
  4776 | D:5      | Entered Level 5 of the Dungeon
  4890 | D:5      | Slain by an ogre

Illustrated notes

Levels and vault maps discovered:
D:1:      giann_bridges, layout_loops_ring, minmay_crystal_room,
          chequers_decorated_corner
D:2:      minmay_skewed_foursquare, layout_loops_corners, serial_shops,
          nicolae_shop_crystal, shapermc_ecumenical_altar_flowoftime,
          minivault_14, kennysheep_generic_room_7
D:3:      corexii_shack_village, layout_basic, amcnicky_altar_gilded,
          nemelex_dance_club_becter, serial_glass, glass_columns_a,
          glass_columns_b, kennysheep_generic_room_15
D:4:      layout_gridville, mainiacjoe_overflow_six_doors_small,
          mainiacjoe_overflow_alcove_2, serial_shops, kennysheep_mini_moat,
          minmay_misc_feat_plants
D:5:      layout_basic, minmay_temple_entry_mini_moons, uniq_blork_the_orc

Skill      XL: |  1  2  3  4  5  6  7 |
---------------+----------------------+-----
Short Blades   | 2 3 4 5 |  5.9
Stealth        | 5 6 7 |  7.5
Fighting       | 2 3 |  3.0
Throwing       | |  1.7
Dodging        | |  0.7

Action                   |  1- 3 |  4- 6 |  7- 9 || total
-------------------------+-------+-------+-------++-------
Melee: Dagger            |    92 |   142 |       ||   234
       Bite              |    18 |    71 |    20 ||   109
       Punch             |       |     4 |     1 ||     5
       Short sword       |       |   147 |    65 ||   212
Throw: Dart              |       |     4 |       ||     4
  Use: Potion            |       |     3 |       ||     3
       Scroll            |       |     1 |       ||     1
 Stab: Sleeping          |    13 |    15 |     1 ||    29
Armor: Robe              |    22 |   124 |    19 ||   165
Dodge: Dodged            |    42 |   155 |    14 ||   211
